 Dungeon Crawl Stone Soup version 0.21.1-1-g345015fe64 (webtiles) character file.

91 Gargoyl the Skirmisher (level 4, -2/39 HPs)
             Began as a Centaur Abyssal Knight on Feb 13, 2018.
             Was a Believer of Lugonu.
             Slain by Crazy Yiuf
             ... wielding a +4 quarterstaff of chaos
              (3 damage)
             ... on level 2 of the Dungeon on Feb 19, 2018.
             The game lasted 00:05:06 (2544 turns).

Gargoyl the Skirmisher (Centaur Abyssal Knight)     Turns: 2544, Time: 00:05:06

Health: -2/39      AC: 10    Str: 14    XL:     4   Next: 34%
Magic:  3/5        EV:  1    Int: 11    God:    Lugonu [**....]
Gold:   100        SH:  0    Dex: 10    Spells: 3/3 levels left

rFire    . . .     SeeInvis .   a - +1 hand axe (flame)
rCold    . . .     Gourm    .   (no shield)
rNeg     . . .     Faith    .   i - +0 plate armour
rPois    .         Spirit   .   l - +1 hat
rElec    .         Reflect  .   f - +0 cloak
rCorr    .         Harm     .   (no gloves)
MR       .....                  (no barding)
Stlth    ..........             (no amulet)
HPRegen  0.13/turn              (no ring)
MPRegen  0.09/turn              (no ring)

@: drained, very quick
A: large, hooves 3, deformed body, speed 2, tough skin 3
a: Depart the Abyss, Bend Space, Renounce Religion


You were on level 2 of the Dungeon.
You worshipped Lugonu.
Lugonu was pleased with you.
You were not hungry.

You visited 1 branch of the dungeon, and saw 2 of its levels.
You visited the Abyss 1 time.

You collected 100 gold pieces.

Inventory:

Hand Weapons
 a - a +1 hand axe of flaming (weapon)
Armour
 f - a +0 cloak (worn)
 i - a +0 plate armour (worn)
 l - a +1 hat (worn)
Scrolls
 b - a scroll of immolation {unknown}
 d - 3 scrolls of remove curse
Potions
 e - a potion of brilliance {unknown}
 g - a potion of flight {unknown}
 j - a potion of heal wounds {unknown}
 m - a potion of curing
 n - a potion of might
 p - 2 potions of invisibility {unknown}
 q - a potion of degeneration {unknown}
Comestibles
 c - 6 rations
 h - a chunk of flesh


   Skills:
 + Level 3.6(2.9) Fighting
 + Level 2.6(1.9) Axes
 * Level 2.3(1.7) Armour
 + Level 0.7(0.1) Dodging
 * Level 2.4(1.8) Invocations


You had 3 spell levels left.
You didn't know any spells.

Dungeon Overview and Level Annotations

Branches:
Dungeon (2/15)

Altars:

Annotations:
D:2 Crazy Yiuf


Innate Abilities, Weirdness & Mutations

You have hooves in place of feet.
Armour fits poorly on your strangely shaped body.
You cover ground very quickly.
You have extremely tough skin. (AC +3)


Message History

Crazy Yiuf hits you with a quarterstaff of chaos.
You feel your power leaking away.
You hit Crazy Yiuf. You burn Crazy Yiuf. You kick Crazy Yiuf, but do no damage.
Crazy Yiuf is moderately wounded.
Crazy Yiuf drinks a potion.
Crazy Yiuf seems to grow stronger.
You slash Crazy Yiuf! You burn Crazy Yiuf.
You kick Crazy Yiuf, but do no damage.
Crazy Yiuf is almost dead.
Crazy Yiuf hits you with a quarterstaff of chaos!
Crazy Yiuf hits you with a quarterstaff of chaos.
Crazy Yiuf burns you.
You closely miss Crazy Yiuf.
Crazy Yiuf is almost dead.
Crazy Yiuf hits you but does no damage.
You are electrocuted!
* * * LOW HITPOINT WARNING * * *
You feel better.
Crazy Yiuf hits you with a quarterstaff of chaos!
* * * LOW HITPOINT WARNING * * *
Crazy Yiuf burns you.
You die...

##..#.# #.#.#
##.#.# #.#.# #.#.#
#.#.# #.#.#######
#.#..# #.#####♣♣♣♣♣
#....#...♣.♣♣♣ ####
###.......♣..♣#...#
#......♣♣♣♣.@g..#
##.#..♣♣ ♣♣#..)#
####♣♣ ####


You could see Crazy Yiuf.

Vanquished Creatures
  2 adders (D:2)
  2 oozes
  A dart slug (D:2)
  A leopard gecko (D:2)
  3 bats (D:2)
  A giant cockroach (D:1)
  4 goblins
  10 hobgoblins
  4 jackals (D:2)
  4 frilled lizards
  11 kobolds
  18 rats
61 creatures vanquished.

Notes
Turn   | Place    | Note
-------+----------+-------------------------------------------
     0 | Abyss:1  | Gargoyl the Centaur Abyssal Knight began the quest for the Orb.
     0 | Abyss:1  | Reached XP level 1. HP: 19/19 MP: 2/2
    13 | Abyss:1  | Found a corrupted altar of Lugonu.
    31 | Abyss:1  | Noticed an iron imp
    83 | Abyss:2  | Noticed an Executioner
   130 | Abyss:2  | Noticed a fire bat
   219 | Abyss:3  | Noticed an apocalypse crab
   230 | Abyss:3  | Noticed a large abomination
   230 | Abyss:3  | Noticed a white draconian
   246 | D:1      | Escaped the Abyss
   257 | D:1      | Reached * piety under Lugonu
   495 | D:1      | Reached XP level 2. HP: 25/26 MP: 3/3
   798 | D:1      | Reached XP level 3. HP: 28/31 MP: 4/4
  1295 | D:1      | Reached ** piety under Lugonu
  1709 | D:2      | Reached XP level 4. HP: 31/39 MP: 5/5
  1922 | D:2      | Found a runed door.
  2538 | D:2      | Noticed Crazy Yiuf
  2543 | D:2      | HP: 1/39 [Crazy Yiuf/quarterstaff of chaos (17)]
  2544 | D:2      | Slain by Crazy Yiuf

Skill      XL: |  1  2  3 |
---------------+----------+-----
Axes           | 2 |  2.6
Armour         | 2 |  2.3
Fighting       | |  3.6
Dodging        | |  0.7
Invocations    | |  2.4

Action                   |  1- 3 |  4- 6 || total
-------------------------+-------+-------++-------
Melee: Hand axe          |    92 |    39 ||   131
       Kick              |    10 |    10 ||    20
Invok: Depart the Abyss  |     1 |       ||     1
  Use: Scroll            |     7 |       ||     7
       Potion            |       |     1 ||     1
  Eat: Chunk             |     2 |     2 ||     4
Armor: Leather armour    |     7 |       ||     7
       Plate armour      |    74 |    42 ||   116
Dodge: Dodged            |    17 |     2 ||    19
